Unix NetHack Version 5.0.0-0 post-release - last build May 31 2026 23:59:36 (970b52f25bf058293b47ddfd14a1e40e571c508c,branch:main).

Game began 2026-06-07 15:56:27, ended 2026-06-07 18:35:53.

IanCurtis, chaotic male elven Wizard

                                       ....
                                      |..<..`....--.
                                     --)............
                                     -..h.>.).......
                                     .........--.).
                                                ---

IanCurtis the Conjurer    St:8 Dx:12 Co:14 In:19 Wi:12 Ch:10  Chaotic
Dlvl:5  $:72 HP:0(21) Pw:39(47) AC:8  Xp:4 T:1379 

Latest messages:
 What do you want to wear? [h or ?*] h
 You finish your dressing maneuver.
 You feel yourself speed up.
 You swap places with your kitten.
 You see here 10 gold pieces.
 $ - 10 gold pieces (72 in total).
 You see here a slime mold.
 i - a slime mold.
 You see here a large box.
 j - an egg.
 What do you want to drop? [$a-jn-pstx-zA-D or ?*] j
 You drop an egg.
 Your kitten eats an egg.
 You descend the stairs.
 The gnome throws a dart!
 In what direction? j
 The spell hits the gnome lord!
 In what direction? j
 The spell hits the gnome lord!
 You kill the gnome lord!
 You see here a dart.
 You kill the gnome!
 You see here a fortune cookie.
 s - a fortune cookie (2 in total).
 You hear crashing rock.
 You hit the gnome!
 The gnome hits!
 You kill the gnome!
 Welcome to experience level 4.
 You feel awake!
 You see here 7 darts.
 You hit the gnome.
 You miss the gnome.
 You miss the gnome.
 The gnome attacks a spot beside you.
 You hit the gnome.
 You kill the gnome!
 The gnome attacks a spot beside you.
 You kill the gnome!
 k - 7 darts.
 What do you want to drop? [$a-ikn-pstx-zA-D or ?*] k
 You drop 7 darts.
 l - a scroll labeled TEMOV.
 The dwarf swings his pick-axe.
 The dwarf hits!
 You hit the dwarf!
 The dwarf swings his pick-axe.
 The dwarf hits!
 You die...
 Do you want your possessions identified? [ynq] (y) q

Inventory:
 Coins    ('$')
  $ - 72 gold pieces
 Weapons  (')')
  a - a blessed +1 quarterstaff (weapon in hands)
 Armor    ('[')
  h - an uncursed +0 pair of speed boots (being worn)
  x - a blessed +0 cloak of magic resistance (being worn)
 Comestibles  ('%')
  i - an uncursed slime mold
  D - an uncursed cram ration
  p - 2 uncursed food rations
  s - 2 uncursed fortune cookies
  t - 3 uncursed lichen corpses
 Scrolls  ('?')
  l - an uncursed scroll of create monster
  y - a cursed scroll of enchant weapon
  C - an uncursed scroll of identify
 Potions  ('!')
  g - an uncursed potion of gain ability
  z - 2 uncursed potions of healing
  A - 2 cursed potions of healing
  f - an uncursed potion of monster detection
 Rings    ('=')
  d - an uncursed ring of cold resistance
  e - an uncursed ring of slow digestion (on right hand)
  B - a cursed ring of slow digestion
 Wands    ('/')
  c - a wand of sleep (0:7)
 Tools    ('(')
  b - an uncursed bag of holding containing 9 items
  o - an uncursed leather drum
  n - a magic marker (0:21)

Contents of the bag of holding:
  an uncursed scroll of enchant armor
  an uncursed scroll of enchant weapon
  an uncursed scroll of taming
  a blessed spellbook of force bolt
  an uncursed spellbook of protection
  2 uncursed potions of water
  an uncursed potion of gain energy
  2 uncursed potions of healing
  a blessed potion of monster detection

IanCurtis the Wizard's attributes:

Background:
 You were a Conjurer, a level 4 male elven Wizard.
 You were chaotic, nominally on a mission for Anhur
 who was opposed by Ptah (lawful) and Thoth (neutral).
 You were right-handed.
 You were in the Gnomish Mines, on level 5.
 You entered the dungeon 1379 turns ago.
 You had 99 experience points, 61 more were needed to attain level 5.

Basics:
 You had 0 out of 21 hit points.
 You had 39 out of 47 energy points (spell power).
 Your armor class was 8.
 Your wallet contained 72 zorkmids.
 Autopickup was off.

Final Characteristics:
 Your strength was 8 (limit:18).
 Your dexterity was 12 (limit:18).
 Your constitution was 14 (limit:16).
 Your intelligence was 19 (limit:20).
 Your wisdom was 12 (limit:20).
 Your charisma was 10 (limit:18).

Final Status:
 You weren't hungry.
 You were unencumbered.
 You were wielding a quarterstaff.
 You had basic skill with quarterstaff.

Final Attributes:
 You were devoutly aligned.
 You were magic-protected.
 You were sleep resistant.
 You had infravision.
 You were invisible.
 You had slower digestion.
 You were warded.
 You were very fast.
 You are dead.

Miscellaneous:
 You didn't encounter any bones levels.
 Total elapsed playing time was 7 minutes and 5 seconds.

Major events:
 Turn
    1: IanCurtis the chaotic male elven Wizard entered the dungeon
 1153: attained the rank of Conjurer (level 3)
 1355: entered the Gnomish Mines
 1379: killed by a dwarf

Spells:
 Name                 Level Category     Fail Retention
 force bolt             1   attack         0%  91%-100%
 protection             1   clerical       0%  76%-100%

Skills:
 Fighting Skills
   bare handed combat [Unskilled]
   riding             [Unskilled]
 Weapon Skills
   dagger             [Unskilled]
   knife              [Unskilled]
   axe                [Unskilled]
   short sword        [Unskilled]
   club               [Unskilled]
   mace               [Unskilled]
   quarterstaff       [Basic]
   polearms           [Unskilled]
   spear              [Unskilled]
   trident            [Unskilled]
   sling              [Unskilled]
   dart               [Unskilled]
   shuriken           [Unskilled]
 Spellcasting Skills
   attack spells      [Basic]
   healing spells     [Unskilled]
   divination spells  [Unskilled]
   enchantment spells [Basic]
   clerical spells    [Unskilled]
   escape spells      [Unskilled]
   matter spells      [Unskilled]

Voluntary challenges:
 Character rerolling was not enabled.
 You were an atheist.
 You were illiterate.
 You never genocided any monsters.
 You never polymorphed an object.
 You never changed form.
 You used no wishes.
Achievements:
 You entered a shop.
 You attained the rank of Conjurer.
 You entered the Gnomish Mines.

 The Dungeons of Doom: levels 1 to 4
    Level 1:
       A fountain.
    Level 2:
       A fountain.
    Level 3:
       An armor shop, some fountains.
    Level 4:
       Some sinks.
       Stairs down to The Gnomish Mines.
 The Gnomish Mines:
    Level 5: <- You were here.
       Final resting place for
          you, killed by a dwarf.


Vanquished creatures:
  a gnome leader
  a werejackal
  a giant rat
  2 yellow molds
  a green mold
  4 gnomes
  3 geckos
  3 jackals
  2 kobolds
  3 lichens
  a kobold zombie
22 creatures vanquished.

No species were genocided or became extinct.

Game over:
                       ----------
                      /          \
                     /    REST    \
                    /      IN      \
                   /     PEACE      \
                  /                  \
                  |    IanCurtis     |
                  |      72 Au       |
                  |   killed by a    |
                  |      dwarf       |
                  |                  |
                  |                  |
                  |       2026       |
                 *|     *  *  *      | *
        _________)/\\_//(\/(/\)/\//\/|_)_______

Goodbye IanCurtis the Wizard...

You died in The Gnomish Mines on dungeon level 5 with 661 points,
and 72 pieces of gold, after 1379 moves.
You were level 4 with a maximum of 21 hit points when you died.

